 Dungeon Sprint DCSS version 0.31-a0-1009-g454b1f1e0a (webtiles) character file.

Game seed: 1568652179590119163

12 Revguard the Ducker (level 2, -6/24 HPs)
             Began as a Demonspawn Gladiator on Nov 15, 2023.
             Was an Initiate of Makhleb.
             Killed from afar by a purple draconian (20 damage)
             ... with a bolt of dispelling energy
             ... in the Dungeon (Sprint V: "Ziggurat Sprint").
             The game lasted 00:02:03 (166 turns).

Revguard the Ducker (Demonspawn Gladiator)           Turns: 166, Time: 00:02:03

Health: -6/24      AC: 18    Str: 14    XL:     2   Next: 20%
Magic:  4/4        EV:  8    Int:  9    God:    Makhleb [......]
Gold:   0          SH:  0    Dex: 26    Spells: 1/1 levels left

rFire   . . .        E - +9 sword of Power {lifebolt}
rCold   . . .        (shield currently unavailable)
rNeg    . . .        o - +5 shadow dragon scales
rPois   .            c - +0 helmet
rElec   .            (no cloak)
rCorr   .            (no gloves)
SInv    .            (no boots)
Will    .....        (no amulet)
Stlth   +++          y - +6 ring of dexterity
HPRegen 0.24/turn    z - +6 ring of dexterity
MPRegen 0.09/turn

%: no teleportation
@: lethally poisoned (-6 -> -15)
A: weakness stinger 1
a: Renounce Religion


You were in the Dungeon.
You worshipped Makhleb.
Makhleb was noncommittal.
You visited 1 branch

Inventory:

Hand Weapons
 a - a +0 long sword
 E - the +9 sword of Power (weapon) {lifebolt}
   (You found it in the Dungeon)
Missiles
 d - 3 throwing nets (quivered)
 e - a javelin
Armour
 b - a +0 leather armour
 c - a +0 helmet (worn)
 o - +5 shadow dragon scales (worn)
Jewellery
 x - a ring of flight
 y - a +6 ring of dexterity (left hand)
 z - a +6 ring of dexterity (right hand)
 A - a +6 ring of intelligence
 B - a +6 ring of intelligence
 C - a +6 ring of strength
 D - a +6 ring of strength
Wands
 u - a wand of mindburst (7)
 v - a wand of iceblast (6)
 w - a wand of acid (6)
Scrolls
 k - 4 scrolls of blinking
 q - 4 scrolls of amnesia
 r - 7 scrolls of fog
 s - 5 scrolls of identify
 t - 2 scrolls of fear
Potions
 f - 10 potions of curing
 g - 10 potions of heal wounds
 h - 6 potions of haste
 i - 7 potions of magic
 j - 3 potions of berserk rage
 l - 2 potions of brilliance
 m - 2 potions of invisibility
 n - 4 potions of resistance
 p - 5 potions of might


   Skills:
 + Level 3.3 Fighting
 * Level 4.3 Long Blades
 - Level 1.7 Throwing
 + Level 2.1 Armour
 * Level 4.3 Dodging
 + Level 0.0 Stealth
 + Level 3.1 Invocations
 + Level 2.2 Evocations


You had one spell level left.
You didn't know any spells.
Your spell library was empty.

Dungeon Overview and Level Annotations

Branches:
Dungeon (1/1)

Altars:
Ashenzari
Cheibriados
Dithmenos
Fedhas
Gozag
Hepliaklqana
Kikubaaqudgha
Makhleb
Nemelex Xobeh
Okawaru
Qazlal
Ru
Sif Muna
Trog
Uskayaw
Vehumet
Wu Jian
Xom
Yredelemnul
Jiyva
Lugonu

Annotations:
D 1 transporter


Innate Abilities, Weirdness & Mutations

You have a small tail.


Message History

A purple draconian and 2 draconians come into view.
A draconian is wielding a +0 dagger of venom.
The draconian roars! x2
Found three items.
Found a transporter.
The purple draconian roars!
Aiming: Iceblast
Press: ? - help, Shift-Dir - straight line The mass of ice explodes!
The iceblast engulfs the draconian.
The draconian is lightly wounded.
The iceblast engulfs the purple draconian!
The purple draconian is lightly wounded.
The iceblast engulfs the draconian!
The draconian is lightly wounded.
Aiming: Corrosive Bolt
Press: ? - help, Shift-Dir - straight line, f - purple draconian
Aim: a purple draconian, wielding a +0 mace (lightly wounded, 71% to hit)
The bolt of acid hits the draconian!!
The acid corrodes the draconian!
The draconian is heavily wounded.
The bolt of acid misses the draconian.
The bolt of acid hits the purple draconian!
The acid corrodes the purple draconian!
The purple draconian is moderately wounded.
The draconian hits you but does no damage.
You are poisoned.
Unknown command.
You slice the draconian!!
The bolt of energy hits the draconian!
The draconian is almost dead.
The bolt of energy misses the purple draconian.
The draconian is almost dead.
You feel very sick. The draconian closely misses you.
You closely miss the draconian.
The draconian is almost dead.
You feel sick.
The draconian hits you with a +0 dagger of venom.
You are more poisoned.
The purple draconian breathes dispelling energy at you.
The bolt of dispelling energy hits you!!
Ouch! That really hurt!
You die...

▓▓▓▓▓▓▓▓▓▓▓▓▓
▓.8©8.▓.8©8.▓
▓.=:|.▓.....▓
▓.....▓.|.).▓
▓.....▓.....▓
▓.dd..▓.....▓
▓.d@..▓..©..▓
▓..©..▓▓▓▓▓▓▓
▓▓▓▓▓▓▓


You could see a purple draconian (catching breath, corroded) and 2 draconians.

Vanquished Creatures
  An adder skeleton (D)
  A quokka skeleton (D)
2 creatures vanquished.

Notes
Turn   | Place    | Note
-------+----------+-------------------------------------------
     0 | D        | Revguard the Demonspawn Gladiator began the quest for the
                  | Orb.
     0 | D        | Reached XP level 1. HP: 16/16 MP: 1/1
     0 | D        | Found a shimmering blue altar of Sif Muna.
     0 | D        | Found a bloodstained altar of Trog.
     0 | D        | Found a sacrificial altar of Ru.
     0 | D        | Found a stormy altar of Qazlal.
     0 | D        | Found an iron altar of Okawaru.
     1 | D        | Found a sparkling altar of Nemelex Xobeh.
     1 | D        | Found a blossoming altar of Fedhas.
     1 | D        | Found the +6 Majin-Bo {spellvamp, MP+6 Int+6}
     1 | D        | Found the +27 heavy crossbow "Sniper" {heavy, Acc+∞ SInv}
     1 | D        | Found the +10 dark maul {heavy}
     1 | D        | Found the +15 Maxwell's patent armour {-Cast -Tele rElec
                  | Will+ rCorr}
     1 | D        | Found the +18 shield of the Gong {Loud rN+ Will+ rCorr
                  | EV-5}
     1 | D        | Found the +16 obsidian axe {drain, demonic, Mesm Drain Fly
                  | SInv}
     1 | D        | Found the +7 great mace "Firestarter" {flame, immolate,
                  | rFlCloud rF++}
     1 | D        | Found the +6 shillelagh "Devastator" {shatter}
     1 | D        | Found the +11 plutonium sword {Contam Stlth-}
     1 | D        | Found the +8 lance "Wyrmbane" {slay drac, rPois rF+ rC+
                  | AC+3}
     1 | D        | Found the +9 sword of Zonguldrok {reap}
     1 | D        | Found the +13 scythe of Curses {drain, curses, Drain}
     1 | D        | Found the +9 sword of Power {lifebolt}
     1 | D        | Found the +7 mace of Variability {chaos, chaos arc}
     1 | D        | Found the +11 Singing Sword {sonic wave}
     1 | D        | Found the +8 storm bow {elec, penet}
     3 | D        | Found a transporter.
     3 | D        | Found an ancient bone altar of Kikubaaqudgha.
     3 | D        | Found a viscous altar of Jiyva.
     3 | D        | Found a corrupted altar of Lugonu.
     3 | D        | Found a hazy altar of Hepliaklqana.
     3 | D        | Found a burning altar of Makhleb.
     3 | D        | Found an opulent altar of Gozag.
   100 | D        | Became a worshipper of Makhleb the Destroyer
   108 | D        | Gained mutation: You have a small tail. [demonic ancestry]
   108 | D        | Reached XP level 2. HP: 24/24 MP: 1/4
   151 | D        | Entered arena 2.
   151 | D        | Found a transporter.
   161 | D        | Entered arena 3.
   161 | D        | Noticed a draconian
   161 | D        | Noticed a purple draconian
   161 | D        | Noticed a draconian
   161 | D        | Found a transporter.
   166 | D        | Killed from afar by a purple draconian

Illustrated notes

Levels and vault maps discovered:
D:        sprint_v [room_start, room_1, room_2, room_3, room_4, room_5, room_6,
          room_7, room_8, room_9, room_10, room_11, room_12, room_13, room_14,
          room_15, room_16, room_17, room_18, room_19, room_20, room_21,
          room_22, room_23, room_24, room_25, room_26, room_27]

Skill      XL: |  1 |
---------------+----+-----
Fighting       | 3 |  3.3
Long Blades    | 4 |  4.3
Armour         | 2 |  2.1
Dodging        | 4 |  4.3
Invocations    | 3 |  3.1
Evocations     | 2 |  2.2
Throwing       | |  1.7

Action                     || total
---------------------------++-------
  Melee: Great sword       ||     4
         Tailslap          ||     1
  Evoke: Wand              ||     2
    Use: Potion            ||     1
   Stab: Sleeping          ||     1
 Armour: Shadow dragon sca ||     4
  Dodge: Dodged            ||     1

Table legend: (Time is in decaauts)
 A = Elapsed time spent in this place.
 B = Non-inter-level travel time spent in this place.
 C = Inter-level travel time spent in this place.
 D = Time resting spent in this place.
 E = Time spent auto-exploring this place.
 F = Levels seen in this place.
 G = Mean time per level.
                   A        B        C        D        E       F      G
               +--------+--------+--------+--------+--------+-----+--------+
         Total |    166 |    166 |      0 |      0 |      0 |   1 |  166.0 |
       Dungeon |    166 |    166 |      0 |      0 |      0 |   1 |  166.0 |
               +--------+--------+--------+--------+--------+-----+--------+

Top non-repeatable levels by time:
       D: 166 daAuts
